 Dungeon Crawl Stone Soup version 0.30-a0-377-g5cb311bc9f (webtiles) character file.

Game seed: 2864545803896706328

1335 ytrimaz the Cleaver (level 9, 0/56 HPs)
             Began as a Meteoran Chaos Knight on Nov 28, 2022.
             Was a Plaything of Xom.
             Slain by an orc warrior
             ... wielding a +0 war axe
              (5 damage)
             ... on level 5 of the Dungeon on Nov 30, 2022.
             The game lasted 00:10:38 (2734 turns).

ytrimaz the Cleaver (Meteoran Chaos Knight)         Turns: 2734, Time: 00:10:39

Health: 0/56       AC: 17    Str: 19    XL:     9   Next: 15%
Magic:  0/10       EV:  7    Int: 14    God:    Xom [...*..]
Gold:   285        SH:  0    Dex: 13    Spells: 8/8 levels left

rFire   . . .      SeeInvis .    a - +1 hand axe (chaos)
rCold   . . .      Faith    .    (no shield)
rNeg    . . .      Spirit   +    f - +0 plate armour
rPois   .          Reflect  .    (no helmet)
rElec   .          Harm     .    (no cloak)
rCorr   .          Rampage  .    (no gloves)
Will    +....                    (no boots)
Stlth   ..........               e - amulet of guardian spirit
HPRegen 0.29/turn                i - +4 ring of protection
MPRegen 0.12/turn                d - +4 ring of slaying

@: glowing
A: sense surroundings 2, otherworldly, glowing, explore regen, MP-powered wands,
devolution 1
a: Renounce Religion


You were on level 5 of the Dungeon.
You worshipped Xom.
You were a favourite toy of Xom.
You visited 1 branch of the dungeon, and saw 5 of its levels.

You collected 285 gold pieces.


Innate Abilities, Weirdness & Mutations

You passively map the area around you.
You are easily found by Zot.
You glow in the dark.
You regain HP and MP as you explore.
You expend magic power (3 MP) to strengthen your wands.
You have hidden genetic defects.


   Skills:
 - Level 4.0 Fighting
 + Level 9.1 Axes
 + Level 8.6 Armour
 - Level 2.5 Dodging


You had 8 spell levels left.
You didn't know any spells.
Your spell library contained the following spells:

 Spells                   Type           Power      Damage    Failure   Level
 Manifold Assault         Tloc           0%         N/A       100%        4
 Dispersal                Tloc           0%         N/A       100%        6
 Disjunction              Tloc           0%         N/A       100%        8

Inventory:

Hand Weapons
 a - a +1 hand axe of chaos (weapon)
Missiles
 r - a throwing net
Armour
 b - a +2 leather armour
 f - a +0 plate armour (worn)
   (You found it on level 1 of the Dungeon)
Jewellery
 d - a +4 ring of slaying (right hand)
   (You found it on level 2 of the Dungeon)
 e - an amulet of guardian spirit (around neck)
   (You found it on level 1 of the Dungeon)
 i - a +4 ring of protection (left hand)
   (You found it on level 1 of the Dungeon)
 n - a ring of protection from fire
   (You found it on level 3 of the Dungeon)
Scrolls
 g - a scroll of fear
 m - 2 scrolls of teleportation
Potions
 h - 2 potions of brilliance
 j - 3 potions of haste
Miscellaneous
 c - a piece from Xom's chessboard (15/15) (quivered)

Dungeon Overview and Level Annotations

Branches:
Dungeon (5/15) Zot: 494    Temple (0/1) D:4

Altars:
Ashenzari

Shops:
D:1 =   D:2 ( D:5

[ , .........#
...#####.# , . #.##
,, , ., #..### ,
...######...# , ,,*
, .......e..#.# * ,
,........w.#)### ∆
* ......!...#.{§##
, , ,
..........###@○###,
, ,..........#
##§§§# ,,
..........#
###§..... ,
..........# #.....
, ..........# .....
* .....#.#### ....
* , , ,... ,* * *
#+###* # , * *
#...# ##


There were no monsters in sight!


Message History

You regained 2 hp, and now have 7/56 hp.
Unknown command.
You barely miss the centaur. Your punch misses the centaur.
You barely miss something.
You hit the orc warrior but do no damage.
The centaur hits you.
* * * LOW HITPOINT WARNING * * *
The centaur kicks you but does no damage.
Something hits you but does no damage.
The orc warrior barely misses you. 😱 HP[-2]
You take 2 damage, and now have 5/56 hp.
You hit the centaur.
You feel better.
You hit something.
You hit the orc warrior but do no damage.
The centaur hits you.
* * * LOW HITPOINT WARNING * * *
The centaur barely misses you. 😱 MP[-1]
You lost 1 mp, and now have 0/10 mp.
Unknown command.
You hit the orc warrior.
The orc warrior flickers and vanishes!
You closely miss something. You barely miss the centaur.
The centaur hits you but does no damage.
The centaur kicks you but does no damage.
Something hits you but does no damage. x2
Unknown command.
You hit something. Lightning courses through something! You hit the centaur.
You hit something.
The centaur hits you but does no damage.
The centaur kicks you but does no damage.
Something hits you but does no damage. Something hits you.
* * * LOW HITPOINT WARNING * * *
😱 HP[-4]
You take 4 damage, and now have 1/56 hp.
You miss something. You hit the centaur.
The centaur appears confused.
You miss something.
Unknown command.
It was a potion of cancellation.
Your magical effects are unravelling.
You feel magically purged.
You feel yourself slow down. Something hits you.
You die... "Leave my teddy bear alone!"
Xom revives you! Something hits you.
* * * LOW HITPOINT WARNING * * *
The centaur hits you.
* * * LOW HITPOINT WARNING * * *
The centaur kicks you but does no damage. 😱 HP[+1] It was a potion of heal wounds.
You feel much better.
Xom roars with laughter!
Something hits you.
* * * LOW HITPOINT WARNING * * *
Something hits you.
* * * LOW HITPOINT WARNING * * *
😨 HP[+14]
You regained 14 hp, and now have 16/56 hp.
Unknown command.
You barely miss something.
You catch the helpless centaur completely off-guard!
You hit the centaur. You burn the centaur.
You kill the centaur!
You hit something.
Reactivating autopickup.
You feel a bit more experienced.
You hit the dart slug.
You kill the dart slug!
Your Axes skill increases to level 9!
Unknown command.
Deactivating autopickup; reactivate with Ctrl-A.
You hit something.
Nothing appears to happen.
Something hits you but does no damage.
Unknown command.
You closely miss something. You hit the orc.
You feel better. Something hits you!
* * * LOW HITPOINT WARNING * * *
You emit a cloud of colourful smoke!
The orc hits you but does no damage. 😱 HP[-13]
You take 13 damage, and now have 3/56 hp.
MASSIVE DAMAGE!! (PAUSE)
You hit something but do no damage. You closely miss the orc.
Something hits you but does no damage.
The orc closely misses you. 😱 HP[+1] MP[+1] Unknown command.
You closely miss something. You slash the orc!
Lightning courses through the orc!
You kill the orc!
There's nothing to open nearby.
Things that are here:
a +0 shortbow; a centaur corpse
There is a strange disturbance nearby! 😱 HP[+1] MP[+1]
There is a strange disturbance nearby!
Unknown command.
There is a strange disturbance nearby!
Unknown command.
Something hits you!
You die... "It was about time."

Skill      XL: |  1  2  3  4  5  6  7  8  9 |
---------------+----------------------------+-----
Axes           | 4 5 6 7 8 9 |  9.1
Dodging        | 2 |  2.5
Armour         | 3 4 5 6 8 |  8.6
Fighting       | 4 |  4.0

Action                   |  1- 3 |  4- 6 |  7- 9 || total
-------------------------+-------+-------+-------++-------
Melee: Hand axe          |    78 |    96 |   168 ||   342
       Punch             |       |       |     1 ||     1
  Use: Scroll            |     2 |     8 |     1 ||    11
       Potion            |       |       |     7 ||     7
 Stab: Paralysed         |       |     1 |       ||     1
       Distracted        |       |       |     4 ||     4
       Confused          |       |       |     1 ||     1
Armor: Leather armour    |    44 |    21 |       ||    65
       Plate armour      |       |    54 |   169 ||   223
Dodge: Dodged            |    41 |    35 |    44 ||   120

Levels and vault maps discovered:
D:1:      evilmike_arrival_hilbert_curve, layout_basic,
          nicolae_shop_unique_rings, kennysheep_nondescript,
          hangedman_decor_push
D:2:      layout_loops_ring, serial_shops, nicolae_shop_bloodbath_and_beyond,
          shapermc_ecumenical_altar_pompeii, small_statue_intersection,
          minmay_misc_feat_enclosed, minmay_quantized
D:3:      layout_loops_cross, nicolae_ashenzari_skybound
D:4:      minmay_goblin_kobold_castle, layout_loops_ring,
          minmay_temple_entry_ruins, serial_shops, kennysheep_mini,
          uniq_grinder, uniq_robin
D:5:      layout_basic, serial_shops, nicolae_shop_crystal, uniq_duvessa

Notes
Turn   | Place    | Note
-------+----------+-------------------------------------------
     0 | D:1      | ytrimaz the Meteoran Chaos Knight began the quest for the
                  | Orb.
     0 | D:1      | Reached XP level 1. HP: 19/19 MP: 2/2
     0 | D:1      | magus.rc [v1.9.6]
    72 | D:1      | Reached XP level 2. HP: 23/26 MP: 3/3
   131 | D:1      | XOM: divination: magic mapping
   144 | D:1      | Reached XP level 3. HP: 31/31 MP: 4/4
   157 | D:1      | Found Loagh's One-of-a-Kind Rings.
   190 | D:1      | Reached skill level 4 in Axes
   190 | D:1      | Reached skill level 2 in Dodging
   191 | D:1      | XOM: silly message
   267 | D:1      | Reached skill level 3 in Armour
   439 | D:2      | Reached XP level 4. HP: 40/40 MP: 5/5
   511 | D:2      | Found Senoifij's Weapon Emporium.
   800 | D:2      | Reached skill level 4 in Fighting
   866 | D:2      | Found a faded altar of an unknown god.
   976 | D:2      | Reached XP level 5. HP: 45/46 MP: 6/6
  1089 | D:2      | Glimpsed the power of Zot.
  1135 | D:3      | XOM: silly message
  1332 | D:3      | Identified the +4 robe of Xiodghug {+Blink +Inv Will+
                  | Int-2}
  1492 | D:3      | Found a broken altar of Ashenzari.
  1524 | D:3      | You pick up a book of the Warp and begin reading...
  1524 | D:3      | You add the spells Manifold Assault, Dispersal and
                  | Disjunction to your library.
  1644 | D:3      | magus.rc [v1.9.6]
  1712 | D:4      | Found a staircase to the Ecumenical Temple.
  1717 | D:4      | Noticed an ogre
  1728 | D:4      | Killed an ogre
  1729 | D:4      | Reached skill level 5 in Axes
  1729 | D:4      | Reached skill level 4 in Armour
  1729 | D:4      | Reached XP level 6. HP: 38/52 MP: 5/7
  1729 | D:4      | XOM: silly message
  1911 | D:4      | Noticed Grinder
  1916 | D:4      | XOM: silly message
  1916 | D:4      | Noticed Robin
  1916 | D:4      | Paralysed by Grinder for 4 turns
  1923 | D:4      | Killed Grinder
  1924 | D:4      | Reached skill level 6 in Axes
  1924 | D:4      | Reached skill level 5 in Armour
  1924 | D:4      | Reached XP level 7. HP: 54/59 MP: 8/8
  1929 | D:4      | Killed Robin
  1950 | D:4      | XOM: silly message
  2076 | D:4      | XOM: summons 3 hostile shadow creatures
  2086 | D:4      | XOM: scenery: 1 doors close
  2100 | D:4      | Reached skill level 6 in Armour
  2206 | D:4      | XOM: scenery: 1 doors open
  2265 | D:4      | Reached skill level 7 in Axes
  2284 | D:4      | XOM: silly message
  2299 | D:4      | Reached XP level 8. HP: 64/66 MP: 7/9
  2310 | D:4      | XOM: potion effect (magic)
  2310 | D:4      | Glimpsed the power of Zot.
  2360 | D:4      | Glimpsed the power of Zot.
  2397 | D:4      | Reached skill level 7 in Armour
  2400 | D:4      | Glimpsed the power of Zot.
  2405 | D:4      | XOM: divination: magic mapping
  2410 | D:4      | Touched by the power of Zot.
  2457 | D:5      | XOM: stealth player
  2457 | D:5      | Entered Level 5 of the Dungeon
  2499 | D:5      | XOM: butterfly on damage
  2507 | D:5      | Reached skill level 8 in Axes
  2559 | D:5      | Found Zuyqur's Antique Armour Boutique.
  2683 | D:5      | Noticed Dowan
  2684 | D:5      | Noticed Duvessa
  2692 | D:5      | Killed Dowan
  2692 | D:5      | XOM: smoke on damage
  2693 | D:5      | Reached skill level 8 in Armour
  2699 | D:5      | XOM: potion effect (curing)
  2699 | D:5      | HP: 12/49 [necrophage (1)]
  2700 | D:5      | XOM: divination: detect items
  2709 | D:5      | Gained mutation: Your spells are a little harder to cast,
                  | but a little more powerful. [potion of mutation]
  2709 | D:5      | Lost mutation: Your spells are a little harder to cast, but
                  | a little more powerful. [potion of mutation]
  2709 | D:5      | Gained mutation: You have hidden genetic defects. [potion
                  | of mutation]
  2709 | D:5      | Gained mutation: You expend magic power (3 MP) to
                  | strengthen your wands. [potion of mutation]
  2712 | D:5      | HP: 12/50 [Duvessa/+0 short sword (11)]
  2715 | D:5      | Killed Duvessa
  2716 | D:5      | Gained mutation: You passively map the area around you.
                  | [Meteoran growth]
  2716 | D:5      | Reached XP level 9. HP: 14/56 MP: 3/10
  2717 | D:5      | HP: 5/56 [orc warrior/+0 war axe (10)]
  2722 | D:5      | HP: 1/56 [something (4)]
  2724 | D:5      | Xom revived you
  2727 | D:5      | Reached skill level 9 in Axes
  2728 | D:5      | HP: 3/56 [something (15)]
  2728 | D:5      | XOM: smoke on damage
  2734 | D:5      | Slain by an orc warrior

Vanquished Creatures
  Grinder (D:4)
  A water moccasin (D:5)
  Duvessa (D:5)
  An ogre (D:4)
  A centaur (D:5)
  2 scorpions
  A necrophage (D:5)
  Dowan (D:5)
  3 orc priests
  2 iguanas (D:4)
  2 orc wizards (D:5)
  Robin (D:4)
  16 gnolls
  2 adders
  A worm (D:5)
  3 dart slugs
  6 orcs
  7 ball pythons
  5 bats
  An endoplasm (D:1)
  5 giant cockroaches
  35 goblins
  29 hobgoblins
  12 jackals
  13 kobolds
  4 quokkas
  5 frilled lizards (D:1)
  4 rats
165 creatures vanquished.

Vanquished Creatures (collateral kills)
  4 goblins (D:4)
4 creatures vanquished.

Vanquished Creatures (others)
  A ball python zombie (D:4)
  A goblin zombie (D:4)
2 creatures vanquished.

Grand Total: 171 creatures vanquished

Table legend:
 A = Non-vault XP
 B = Vault XP
 C = Vault XP percentage of total XP
 D = Non-vault monster count
 E = Vault monster count
 F = Vault count percentage of total count
                 A         B        C        D         E       F
            +---------+---------+-------+---------+---------+-------
      Total |    1167 |     741 |  38.8 |      95 |      74 |  43.8
            +---------+---------+-------+---------+---------+-------
        D:1 |      54 |       0 |   0.0 |      32 |       0 |   0.0
        D:2 |      61 |      11 |  15.3 |      14 |       5 |  26.3
        D:3 |      28 |       0 |   0.0 |      14 |       0 |   0.0
        D:4 |     409 |     518 |  55.9 |      22 |      67 |  75.3
        D:5 |     615 |     212 |  25.6 |      13 |       2 |  13.3
            +---------+---------+-------+---------+---------+-------

Illustrated notes

Table legend:
 A = Kills in this place as a percentage of kills in entire the game.
 B = Kills by you in this place as a percentage of kills by you in the entire game.
 C = Kills by friends in this place as a percentage of kills by friends in the entire game.
 D = Other kills in this place as a percentage of other kills in the entire game.
 E = Experience gained in this place as a percentage of experience gained in the entire game.
 F = Experience gained in this place divided by the number of levels of this place that you have seen.
                   A       B       C       D       E      F
               +-------+-------+-------+-------+-------+----------------------
         Total | 100.0 | 100.0 | 100.0 |   N/A | 100.0 | 381.6
       Dungeon | 100.0 | 100.0 | 100.0 |   N/A | 100.0 | 381.6
               +-------+-------+-------+-------+-------+----------------------

Table legend: (Time is in decaauts)
 A = Elapsed time spent in this place.
 B = Non-inter-level travel time spent in this place.
 C = Inter-level travel time spent in this place.
 D = Time resting spent in this place.
 E = Time spent auto-exploring this place.
 F = Levels seen in this place.
 G = Mean time per level.
                   A        B        C        D        E       F      G
               +--------+--------+--------+--------+--------+-----+--------+
         Total |   2705 |   2629 |     76 |     40 |   1090 |   5 |  541.0 |
       Dungeon |   2705 |   2629 |     76 |     40 |   1090 |   5 |  541.0 |
               +--------+--------+--------+--------+--------+-----+--------+

Top non-repeatable levels by time:
     D:4: 770 daAuts
     D:2: 695 daAuts
     D:3: 541 daAuts
     D:1: 439 daAuts
     D:5: 259 daAuts
